2466 views
Uploaded 2021-08-21 18:44:12
Game version 1.32.10
24:04 long 1on1 ladder game on (2)ConcealedHill
Saved by aom
2466 views
Uploaded 2021-08-21 18:44:12
Game version 1.32.10
24:04 long 1on1 ladder game on (2)ConcealedHill

33 units @ 5.5k
/ 0.8k
16 buildings @ 2.5k
/ 0.9k


| Rod of Necromancy | 2 | 300 |
| Ritual Dagger | 1 | 125 |
| Dust of Appearance | 1 | 75 |
| Scroll of Town Portal | 1 | 350 |
| total: | 5 | 850g |
| Acolyte | 2 | 150 | / | 0 |
| Ghoul | 11 | 1320 | / | 0 |
| Obsidian Statue | 3 | 600 | / | 105 |
| Banshee | 6 | 930 | / | 180 |
| Crypt Fiend | 8 | 1720 | / | 320 |
| Abomination | 1 | 240 | / | 70 |
| Gargoyle | 1 | 175 | / | 30 |
| Goblin Shredder | 1 | 375 | / | 100 |
| total: | 33 | 5510g | / | 805w |
| Nerubian Tower | 3 | 300 | / | 60 |
| Spirit Tower | 3 | 435 | / | 120 |
| Altar of Darkness | 1 | 180 | / | 50 |
| Ziggurat | 6 | 900 | / | 300 |
| Crypt | 2 | 400 | / | 100 |
| Tomb of Relics | 3 | 390 | / | 90 |
| Graveyard | 1 | 215 | / | 0 |
| Slaughterhouse | 2 | 280 | / | 270 |
| Temple of the Damned | 1 | 155 | / | 140 |
| Halls of the Dead | 1 | 320 | / | 210 |
| Black Citadel | 1 | 325 | / | 230 |
| total: | 16 | 2520g | / | 950w |
| 0:04 | Acolyte |
| 0:06 | Altar of Darkness |
| 0:09 | Ziggurat |
| 0:12 | Acolyte |
| 0:33 | Crypt |
| 1:00 | Ziggurat |
| 1:10 | Tomb of Relics |
| 1:33 | Ghoul |
| 1:34 | Ghoul |
| 2:07 | Ziggurat |
| 2:13 | Ghoul |
| 2:17 | Rod of Necromancy |
| 2:22 | Death Coil |
| 2:37 | Ghoul |
| 2:39 | Ghoul |
| 2:44 | Nerubian Tower |
| 2:49 | Dust of Appearance |
| 3:20 | Graveyard |
| 3:41 | Halls of the Dead |
| 3:55 | Cannibalize |
| 3:56 | Ghoul |
| 4:14 | Ziggurat |
| 5:31 | Spirit Tower |
| 5:32 | Spirit Tower |
| 5:33 | Spirit Tower |
| 5:43 | Ritual Dagger |
| 5:43 | Rod of Necromancy |
| 6:10 | Unholy Strength |
| 6:14 | Ghoul |
| 6:15 | Ghoul |
| 6:21 | Unholy Aura |
| 6:34 | Unholy Armor |
| 6:38 | Ghoul |
| 6:38 | Ghoul |
| 8:49 | Black Citadel |
| 8:53 | Slaughterhouse |
| 8:54 | Slaughterhouse |
| 8:57 | Temple of the Damned |
| 8:58 | Ziggurat |
| 8:59 | Ziggurat |
| 9:51 | Improved Unholy Strength |
| 10:02 | Obsidian Statue |
| 10:06 | Banshee |
| 10:09 | Nerubian Tower |
| 10:11 | Nerubian Tower |
| 10:15 | Banshee |
| 10:19 | Obsidian Statue |
| 10:38 | Improved Unholy Armor |
| 11:30 | Goblin Shredder |
| 11:53 | Banshee |
| 11:58 | Destroyer Form |
| 11:59 | Obsidian Statue |
| 12:02 | Death Coil |
| 12:10 | Creature Attack |
| 13:42 | Scroll of Town Portal |
| 13:56 | Web |
| 13:56 | Ghoul Frenzy |
| 14:01 | Crypt Fiend |
| 14:05 | Crypt |
| 14:42 | Banshee |
| 15:32 | Sleep |
| 15:34 | Tomb of Relics |
| 15:40 | Banshee |
| 15:41 | Crypt Fiend |
| 16:19 | Crypt Fiend |
| 16:22 | Crypt Fiend |
| 17:43 | Crypt Fiend |
| 17:47 | Disease Cloud |
| 17:48 | Abomination |
| 17:51 | Vampiric Aura |
| 18:44 | Crypt Fiend |
| 19:24 | Crypt Fiend |
| 19:31 | Banshee |
| 20:14 | Ghoul |
| 20:19 | Tomb of Relics |
| 20:50 | Crypt Fiend |
| 20:53 | Gargoyle |
| 21:20 | Unholy Aura |
| Right click | 947 |
| Select group | 910 |
| Select | 417 |
| Misc. action | 115 |
| Build/train/purchase | 95 |
| Assign group | 42 |
| Use ability | 30 |
| Chat | 16 |
| Remove unit | 1 |
37 units @ 5.5k
/ 0.5k
20 buildings @ 3.9k
/ 1.6k



| Healing Salve | 8 | 800 |
| Lesser Clarity Potion | 6 | 420 |
| Orb of Lightning | 1 | 375 |
| Scroll of Town Portal | 2 | 700 |
| Boots of Speed | 1 | 250 |
| Circlet of Nobility | 1 | 175 |
| total: | 19 | 2720g |
| Peon | 20 | 1500 | / | 0 |
| Grunt | 4 | 800 | / | 0 |
| Wind Rider | 9 | 2385 | / | 360 |
| Spirit Walker | 4 | 780 | / | 140 |
| total: | 37 | 5465g | / | 500w |
| Altar of Storms | 1 | 180 | / | 50 |
| Orc Burrow | 8 | 1280 | / | 320 |
| Voodoo Lounge | 1 | 130 | / | 30 |
| Barracks | 1 | 180 | / | 50 |
| War Mill | 2 | 410 | / | 0 |
| Great Hall | 3 | 1155 | / | 555 |
| Beastiary | 1 | 145 | / | 140 |
| Tauren Totem | 3 | 405 | / | 465 |
| Stronghold | 1 | 315 | / | 190 |
| Fortress | 1 | 325 | / | 190 |
| total: | 20 | 3885g | / | 1610w |
| 0:01 | Peon |
| 0:01 | Peon |
| 0:05 | Altar of Storms |
| 0:19 | Orc Burrow |
| 0:26 | Peon |
| 0:44 | Peon |
| 1:04 | Voodoo Lounge |
| 1:06 | Peon |
| 1:19 | Barracks |
| 1:23 | Peon |
| 1:31 | Peon |
| 1:49 | Peon |
| 2:07 | Healing Salve |
| 2:07 | Lesser Clarity Potion |
| 2:12 | Wind Walk |
| 2:22 | Grunt |
| 2:55 | Stronghold |
| 2:58 | War Mill |
| 4:07 | Orc Burrow |
| 4:08 | Orc Burrow |
| 5:09 | Grunt |
| 5:26 | Beastiary |
| 5:34 | Grunt |
| 5:34 | Berserker Strength |
| 6:23 | Healing Salve |
| 6:23 | Lesser Clarity Potion |
| 6:23 | Healing Salve |
| 6:32 | Grunt |
| 6:35 | Fortress |
| 6:38 | Tauren Totem |
| 6:46 | Boots of Speed |
| 7:00 | Circlet of Nobility |
| 7:46 | Hex |
| 7:59 | Critical Strike |
| 8:45 | Wind Rider |
| 8:50 | War Mill |
| 9:34 | Wind Rider |
| 9:42 | Envenomed Spears |
| 9:45 | Orc Burrow |
| 9:59 | Tauren Totem |
| 10:01 | Tauren Totem |
| 10:17 | Steel Armor |
| 10:17 | Steel Ranged Weapons |
| 10:56 | Orb of Lightning |
| 11:01 | Wind Rider |
| 11:11 | Healing Wave |
| 11:17 | Wind Rider |
| 11:18 | Spirit Walker |
| 12:00 | Great Hall |
| 12:05 | Healing Salve |
| 12:05 | Lesser Clarity Potion |
| 12:17 | Wind Walk |
| 12:24 | Spirit Walker Adept Training |
| 12:41 | Great Hall |
| 13:19 | Healing Wave |
| 14:13 | Orc Burrow |
| 14:15 | Reinforced Defenses |
| 14:39 | Thorium Armor |
| 14:43 | Orc Burrow |
| 14:44 | Peon |
| 14:44 | Peon |
| 14:57 | Critical Strike |
| 15:36 | Wind Rider |
| 15:40 | Thorium Ranged Weapons |
| 16:14 | Scroll of Town Portal |
| 16:15 | Spirit Walker |
| 16:43 | Peon |
| 16:43 | Peon |
| 16:45 | Peon |
| 16:45 | Peon |
| 16:47 | Orc Burrow |
| 17:37 | Lesser Clarity Potion |
| 17:37 | Healing Salve |
| 17:45 | Scroll of Town Portal |
| 18:19 | Peon |
| 18:19 | Peon |
| 18:22 | Wind Rider |
| 18:22 | Wind Rider |
| 18:47 | War Stomp |
| 19:03 | Hex |
| 19:22 | Critical Strike |
| 19:45 | Peon |
| 19:45 | Peon |
| 20:07 | Peon |
| 20:08 | Peon |
| 20:11 | Orc Burrow |
| 20:22 | Endurance Aura |
| 20:30 | Wind Rider |
| 20:31 | Wind Rider |
| 20:33 | Arcanite Ranged Weapons |
| 20:33 | Arcanite Armor |
| 20:35 | Spirit Walker Master Training |
| 20:35 | Spirit Walker |
| 20:42 | Lesser Clarity Potion |
| 20:43 | Healing Salve |
| 20:43 | Healing Salve |
| 22:18 | Great Hall |
| 22:30 | Healing Salve |
| 22:30 | Lesser Clarity Potion |
| 22:57 | Healing Wave |
| 23:48 | Spirit Walker |
| Right click | 1101 |
| Select group | 373 |
| Select | 345 |
| Build/train/purchase | 124 |
| Assign group | 94 |
| Use ability | 48 |
| Misc. action | 17 |
| Chat | 5 |
| Remove unit | 3 |
| Item give/drop | 2 |